 Dungeon Sprint DCSS version 0.25.1-2-g60ff931df9 (webtiles) character file.

Game seed: 15264418056132757578

140 jbtxwes the Fighter (level 5, 0/79 HPs)
             Began as a Hill Orc Fighter on Nov 20, 2020.
             Slain by an adder skeleton (3 damage)
             ... in the Dungeon (Sprint IX: "|||||||||||||||||||||||||||||").
             The game lasted 00:01:22 (85 turns).

jbtxwes the Fighter (Hill Orc Fighter)                Turns: 85, Time: 00:01:23

Health: 0/79       AC:  7    Str: 19    XL:     5   Next: 22%
Magic:  5/5        EV:  8    Int:  8    God:
Gold:   0          SH: 10    Dex: 11    Spells: 4/4 levels left

rFire    . . .     SeeInvis .   a - +0 war axe
rCold    . . .     Gourm    .   c - +0 kite shield
rNeg     . . .     Faith    .   b - +0 scale mail
rPois    .         Spirit   .   (no helmet)
rElec    .         Reflect  .   (no cloak)
rCorr    .         Harm     .   (no gloves)
MR       .....     NoTele   +   (no boots)
Stlth    ..........             (no amulet)
HPRegen  0.23/turn              (no ring)
MPRegen  0.09/turn              (no ring)

@: berserking (expiring), very quick
A: no striking features
a: no special abilities


You were in the Dungeon.
You were not hungry.

You visited 1 branch

Inventory:

Hand Weapons
 a - a +0 war axe (weapon)
Armour
 b - a +0 scale mail (worn)
 c - a +0 kite shield (worn)
Scrolls
 k - a scroll of blinking
Potions
 d - a potion of might
 e - a potion of curing
 h - a potion of haste
 i - 2 potions of magic
Comestibles
 f - a ration


   Skills:
 * Level 8.2 Fighting
 + Level 6.1 Axes
 + Level 6.0 Armour
 + Level 0.7 Dodging
 + Level 5.9 Shields


You had 4 spell levels left.
You didn't know any spells.
Your spell library was empty.

Dungeon Overview and Level Annotations

Branches:
Dungeon (1/1)

Altars:


Message History

You slash the sky beast!
You kill the sky beast!
Your Fighting skill gained 2 levels and is now at level 8!
Your Axes skill gained 2 levels and is now at level 6!
Your Armour skill gained 2 levels and is now at level 6!
Your Shields skill increases to level 5!
You have reached level 4!
You have reached level 5!
You feel stronger.
You slash the adder skeleton!
The adder skeleton is almost destroyed.
The adder skeleton bites you.
* * * LOW HITPOINT WARNING * * *
You closely miss the adder skeleton.
The adder skeleton is almost destroyed.
The adder skeleton bites you but does no damage.
You barely miss the adder skeleton.
The adder skeleton is almost destroyed.
The adder skeleton bites you.
You die...

▓+▓
▓.▓
▓.▓
▓.▓
▓Z▓
▓Z▓
▓Z▓
▓@▓
▓.▓
▓.▓
▓.▓
▓.▓
▓)▓
▓.▓
▓.▓
▓.▓


You could see a leopard gecko zombie, a giant cockroach zombie and an adder
skeleton.

Vanquished Creatures
  A sky beast (D)
  A scorpion (D)
  A giant cockroach (D)
  A goblin (D)
  2 hobgoblins (D)
  A rat (D)
7 creatures vanquished.

Notes
Turn   | Place    | Note
-------+----------+-------------------------------------------
     0 | D        | jbtxwes the Hill Orc Fighter began the quest for the Orb.
     0 | D        | Reached XP level 1. HP: 19/19 MP: 1/1
     8 | D        | Reached skill level 4 in Fighting
    60 | D        | Noticed a sky beast
    60 | D        | Noticed a scorpion
    64 | D        | Killed a scorpion
    64 | D        | Reached skill level 6 in Fighting
    64 | D        | Reached XP level 2. HP: 20/31 MP: 2/2
    64 | D        | Reached XP level 3. HP: 25/38 MP: 3/3
    82 | D        | Killed a sky beast
    82 | D        | Reached skill level 8 in Fighting
    82 | D        | Reached skill level 5 in Shields
    82 | D        | Reached XP level 4. HP: 4/48 MP: 4/4
    82 | D        | Reached XP level 5. HP: 4/53 MP: 5/5
    83 | D        | HP: 3/79 [adder skeleton (2)]
    85 | D        | Slain by an adder skeleton

Illustrated notes

Levels and vault maps discovered:
D:        linesprint [early_d, line_temple, items_1, d_10, items_2, lair_1,
          lair_end, items_3, orc_1, orc_end, items_4, d_15, swamp_1, shoals_1,
          snake_1, spider_1, d_20, vaults_1, items_5, swamp_end, shoals_end,
          snake_end, spider_end, vaults_end, d_27, items_6, zot_1, zot_end,
          crypt_end, forest_end, elf_end, slime_end, tomb_end, abyss_end,
          pan_hell_end]

Skill      XL: |  1  2  3 |
---------------+----------+-----
Fighting       | 6 8 |  8.2
Axes           | 4 6 |  6.1
Armour         | 4 6 |  6.0
Shields        | 4 5 |  5.9
Dodging        | |  0.7

Action                   |  1- 3 |  4- 6 || total
-------------------------+-------+-------++-------
Melee: War axe           |    39 |     3 ||    42
  Use: Potion            |     2 |       ||     2
Armor: Scale mail        |    17 |     1 ||    18
Dodge: Dodged            |     8 |       ||     8
Block: Kite shield       |    15 |       ||    15
